 Dungeon Crawl Stone Soup version 0.27-a0-1331-g60ef6b6952 (webtiles) character file.

Game seed: 15174235598436452550

1 Froggeryz the Skirmisher (level 1, -1/27 HPs)
             Began as a Barachi Berserker on June 25, 2021.
             Was a Follower of Trog.
             Slain by a hobgoblin (5 damage)
             ... on level 1 of the Dungeon.
             The game lasted 00:00:11 (39 turns).

Froggeryz the Skirmisher (Barachi Berserker)          Turns: 39, Time: 00:00:12

Health: -1/27      AC:  2    Str: 18    XL:     1   Next: 20%
Magic:  1/1        EV: 12    Int:  7    God:    Trog [*.....]
Gold:   0          SH:  0    Dex: 11    Spells: 0/0 levels left

rFire    . . .     SeeInvis .   a - +0 mace
rCold    . . .     Faith    .   (no shield)
rNeg     . . .     Spirit   .   b - +0 animal skin
rPois    .         Reflect  .   (no helmet)
rElec    .         Harm     .   (no cloak)
rCorr    .         Rampage  .   (no gloves)
Will     .....                  (no boots)
Stlth    ..........             (no amulet)
HPRegen  0.09/turn              (no ring)
MPRegen  0.07/turn              (no ring)

@: berserking, unable to hop, very quick
A: amphibious, slowness 1, strong legs 1, +LOS
a: Hop, Renounce Religion, Berserk


You were on level 1 of the Dungeon.
You worshipped Trog.
Trog was aware of your devotion.
You visited 1 branch of the dungeon, and saw 1 of its levels.

Inventory:

Hand Weapons
 a - a +0 mace (weapon)
Armour
 b - a +0 animal skin (worn)


   Skills:
 - Level 3.6 Fighting
 * Level 3.3 Maces & Flails
 + Level 2.4 Armour
 - Level 2.1 Dodging


You couldn't memorise any spells.
You didn't know any spells.
Your spell library was empty.

Dungeon Overview and Level Annotations

Branches:
Dungeon (1/15)

Altars:


Innate Abilities, Weirdness & Mutations

You are amphibious.
You cover ground slowly.
You can hop short distances.
You have an extended range of vision and can be seen from far away.


Message History

The kobold shouts!
You hear a shout!
A hobgoblin comes into view.
A quokka comes into view.
The endoplasm hits you but does no damage.
You hit the endoplasm but do no damage. The kobold completely misses you.
The endoplasm misses you. The kobold closely misses you.
The endoplasm closely misses you.
You hit the endoplasm.
The endoplasm is lightly wounded.
The hobgoblin hits you. The kobold hits you with a +0 club.
The endoplasm barely misses you.
You barely miss the endoplasm.
The endoplasm is lightly wounded.
The hobgoblin hits you. The kobold hits you with a +0 club.
The endoplasm closely misses you.
You are too injured to fight recklessly!
You are too injured to fight recklessly!
You are too injured to fight recklessly!
You are too injured to fight recklessly!
You are too injured to fight recklessly!
You are too injured to fight recklessly!
You are too injured to fight recklessly!
You are too injured to fight recklessly!
You are too injured to fight recklessly!
You are too injured to fight recklessly!
You are too injured to fight recklessly!
You are too injured to fight recklessly!
You are too injured to fight recklessly!
You are too injured to fight recklessly!
You are too injured to fight recklessly!
Hop to where?
Press: ? - help, Dir - move target Boing!
A red film seems to cover your vision as you go berserk!
You feel yourself moving faster!
You feel mighty! The hobgoblin hits you.
* * * LOW HITPOINT WARNING * * *
You barely miss the hobgoblin. The hobgoblin hits you.
* * * LOW HITPOINT WARNING * * *
You barely miss the hobgoblin. The hobgoblin hits you.
You die...

#...# #..# #...#
##.## ###...#
#..# .....# #.##
#...# #.#
#...##########.#
#Kr............#
#g#..###########
#@#.K# #....#Jr#
#.#.....# #
#.###.# #. #..
#. ###. #. #. #.
.. .. ..


You could see a quokka, a hobgoblin and a kobold.

Vanquished Creatures
  A quokka (D:1)
1 creature vanquished.

Notes
Turn   | Place    | Note
-------+----------+-------------------------------------------
     0 | D:1      | Froggeryz the Barachi Berserker began the quest for the
                  | Orb.
     0 | D:1      | Reached XP level 1. HP: 18/18 MP: 1/1
    39 | D:1      | Slain by a hobgoblin

Illustrated notes

Levels and vault maps discovered:
D:1:      dpeg_arrival_fog, layout_rooms

Action                   || total
-------------------------++-------
Melee: Mace              ||     8
Invok: Berserk           ||     1
 Abil: Hop               ||     1
Armor: Animal skin       ||     1
Dodge: Dodged            ||    10

Table legend: (Time is in decaauts)
 A = Elapsed time spent in this place.
 B = Non-inter-level travel time spent in this place.
 C = Inter-level travel time spent in this place.
 D = Time resting spent in this place.
 E = Time spent auto-exploring this place.
 F = Levels seen in this place.
 G = Mean time per level.
                   A        B        C        D        E       F      G
               +--------+--------+--------+--------+--------+-----+--------+
         Total |     46 |     46 |      0 |      0 |     22 |   1 |   46.0 |
       Dungeon |     46 |     46 |      0 |      0 |     22 |   1 |   46.0 |
               +--------+--------+--------+--------+--------+-----+--------+

Top non-repeatable levels by time:
     D:1: 46 daAuts
